 Dungeon Crawl Stone Soup version 0.28.0-53-g5a82cb258f (webtiles) character file.

Game seed: 12105581409627593457

41564 Sin92 the Carver (level 13, 0/101 HPs)
             Began as a Demonspawn Fighter on Aug 6, 2022.
             Was a High Priest of Okawaru.
             Slain by a four-headed hydra (9 damage)
             ... on level 6 of the Lair of Beasts on Aug 7, 2022.
             The game lasted 00:41:09 (25268 turns).

Sin92 the Carver (Demonspawn Fighter)              Turns: 25268, Time: 00:41:10

Health: 0/101      AC: 19    Str: 22    XL:     13   Next: 80%
Magic:  24/24      EV: 13    Int: 19    God:    Okawaru [*****.]
Gold:   578        SH:  7    Dex: 24    Spells: 26/27 levels left

rFire   . . .      SeeInvis +   T - +6 long sword "Beast's Funeral" {flame, rC+ Int+5 Stlth+}
rCold   + + .      Faith    .   c - +0 buckler
rNeg    + + +      Spirit   .   R - +0 shadow dragon scales of Pantheism {Will+ Stlth++++}
rPois   +          Reflect  .   M - +2 hat of the Depths {rPois rN+++ Int-2 SInv}
rElec   .          Harm     .   l - +0 cloak
rCorr   .          Rampage  .   D - +1 pair of gloves {Stlth+}
Will    +....                   (no boots)
Stlth   +++++++...              (no amulet)
HPRegen 0.26/turn               z - ring of Jerob {rC+ Dex+6}
MPRegen 0.19/turn               C - +6 ring of strength

@: studying Invocations
A: antennae 1, powered by pain 1, spiny 3, big brain 3
a: Renounce Religion, Heroism, Finesse, Duel


You were on level 6 of the Lair of Beasts.
You worshipped Okawaru.
Okawaru was extremely pleased with you.
You visited 4 branches of the dungeon, and saw 19 of its levels.
You also visited: Sewer and Bailey.

You collected 1073 gold pieces.
You spent 495 gold pieces at shops.

Inventory:

Hand Weapons
 a - a +3 long sword of freezing
 o - a +4 long sword of flaming
 T - the +6 long sword "Beast's Funeral" (weapon) {flame, rC+ Int+5 Stlth+}
   (You found it on level 6 of the Lair of Beasts)

   It burns those it strikes, dealing additional fire damage.
   Big, fiery blades are also staple armaments of hydra-hunters.
   Int:       It affects your intelligence (+5).
   rC:        It protects you from cold.
   Stlth:     It makes you more stealthy.
Missiles
 d - 5 throwing nets (quivered)
 t - 7 javelins
Armour
 b - a +0 scale mail
 c - a +0 buckler (worn)
 f - a +0 pair of gloves
 l - a +0 cloak (worn)
 p - a +1 chain mail of poison resistance
 A - a +2 helmet
 D - a +1 pair of gloves of stealth (worn)
 M - the +2 hat of the Depths (worn) {rPois rN+++ Int-2 SInv}
   (Okawaru gifted it to you on level 2 of the Lair of Beasts)

   Int:       It affects your intelligence (-2).
   rPois:     It protects you from poison.
   rN:        It renders you almost immune to negative energy.
   SInv:      It lets you see invisible.
 R - the +0 shadow dragon scales of Pantheism (worn) {Will+ Stlth++++}
   (Okawaru gifted it to you on level 5 of the Lair of Beasts)

   Will:      It increases your willpower.
   Stlth:     It makes you much more stealthy.
Jewellery
 e - a +4 ring of protection
 h - a +4 ring of evasion
 i - a +6 ring of dexterity
 z - the ring of Jerob (left hand) {rC+ Dex+6}
   (You found it in a bailey)

   [ring of protection from cold]

   Dex:       It affects your dexterity (+6).
   rC:        It protects you from cold.
 C - a +6 ring of strength (right hand)
 E - a +6 ring of dexterity
 G - a ring of willpower
 J - a ring of poison resistance
Wands
 r - a wand of flame (57)
 v - a wand of paralysis (3)
 w - a wand of iceblast (4)
 y - a wand of polymorph (30)
 F - a wand of digging (6)
 I - a wand of mindburst (2)
 K - a wand of acid (5)
Scrolls
 g - 2 scrolls of blinking
 j - 4 scrolls of vulnerability
 q - 7 scrolls of identify
 s - 3 scrolls of teleportation
 u - a scroll of amnesia
 H - 2 scrolls of magic mapping
 N - 2 scrolls of fog
 Q - a scroll of fear
 S - a scroll of enchant weapon
Potions
 k - a potion of lignification
 m - 2 potions of flight
 n - 2 potions of cancellation
 x - 2 potions of mutation
 B - 2 potions of curing
 L - a potion of attraction
 O - a potion of ambrosia
 P - a potion of brilliance


   Skills:
 + Level 9.1 Fighting
 * Level 11.3 Long Blades
 + Level 8.2 Armour
 + Level 7.6 Dodging
 + Level 6.4 Stealth
 + Level 8.3 Shields
 + Level 7.6 Spellcasting
 + Level 5.0 Translocations
 - Level 9.3 Invocations


You had 26 spell levels left.
You knew the following spells:

 Your Spells              Type           Power      Damage    Failure   Level
a - Apportation           Tloc           52%        N/A       4%          1

Your spell library contained the following spells:

 Spells                   Type           Power      Damage    Failure   Level
 Beastly Appendage        Tmut           14%        N/A       32%         1
 Magic Dart               Conj           28%        1d4       32%         1
 Sandblast                Erth           14%        2d6       32%         1
 Sting                    Tmut/Pois      28%        1d4       32%         1
 Portal Projectile        Hex/Tloc       32%        N/A       32%         3
 Ensorcelled Hibernation  Hex/Ice        14%        N/A       43%         2
 Passwall                 Tmut/Erth      5%         N/A       43%         2
 Poisonous Vapours        Pois/Air       14%        N/A       43%         2
 Sublimation of Blood     Necr           7%         N/A       43%         2
 Wereblood                Tmut           7%         N/A       43%         2
 Ignite Poison            Fire/Tmut/Pois 7%         N/A       65%         3
 Mephitic Cloud           Conj/Pois/Air  7%         N/A       65%         3
 Ozocubu's Armour         Ice            7%         N/A       65%         3
 Spider Form              Tmut/Pois      7%         N/A       65%         3
 Stone Arrow              Conj/Erth      14%        3d7       65%         3
 Airstrike                Air            3%         N/A       95%         4
 Anguish                  Hex/Necr       3%         N/A       95%         4
 Leda's Liquefaction      Hex/Erth       3%         N/A       95%         4
 Olgreb's Toxic Radiance  Pois           7%         N/A       95%         4
 Alistair's Intoxication  Tmut/Pois      4%         N/A       100%        5
 Blade Hands              Tmut           3%         N/A       100%        5
 Freezing Cloud           Conj/Ice/Air   3%         6-21      100%        5
 Irradiate                Conj/Tmut      3%         3d14      100%        5
 Metabolic Englaciation   Hex/Ice        3%         N/A       100%        5
 Silence                  Hex/Air        3%         N/A       100%        5
 Dragon Form              Tmut           3%         N/A       100%        7
 Storm Form               Tmut/Air       3%         N/A       100%        7
 Call Imp                 Summ           Unusable   N/A       N/A         2
 Call Canine Familiar     Summ           Unusable   N/A       N/A         3
 Simulacrum               Ice/Necr       Unusable   N/A       N/A         6
 Summon Hydra             Summ           Unusable   N/A       N/A         7

Dungeon Overview and Level Annotations

Branches:
Dungeon (11/15)            Temple (1/1) D:4            Lair (6/6) D:8
 Shoals (0/4) Lair:2        Snake (1/4) Lair:4        Slime (0/5) Lair:5
    Orc (0/2) D:9           Sewer (visited)          Bailey (visited)

Altars:
Ashenzari
Cheibriados
Dithmenos
Elyvilon
Fedhas
Gozag
Hepliaklqana
Kikubaaqudgha
Makhleb
Nemelex Xobeh
Okawaru
Qazlal
Ru
Sif Muna
Trog
Uskayaw
Vehumet
Wu Jian
Xom
Yredelemnul
Zin
The Shining One
Jiyva

Shops:
D:1 (   D:3 [   D:7 ?


Innate Abilities, Weirdness & Mutations

You have a pair of small antennae on your head.
You sometimes gain a little power by taking damage.
You are completely covered in sharp spines.
You have an absolutely massive brain. (Int +6, Wiz)


Message History

The four-headed hydra bites you but does no damage.
You hit the lindwurm. You burn the lindwurm.
The lindwurm is almost dead.
The wyvern is struck by your spines.
The wyvern bites you but does no damage.
The lindwurm is struck by your spines.
The lindwurm bites you but does no damage.
The lindwurm claws you.
The lindwurm claws you but does no damage.
The four-headed hydra is struck by your spines.
The four-headed hydra bites you but does no damage. x3
The four-headed hydra bites you. The wyvern is struck by your spines.
The wyvern closely misses you.
You are too injured to fight recklessly!
Unknown command.
You are too injured to fight recklessly!
Unknown command.
You are too injured to fight recklessly!
Unknown command.
You are too injured to fight recklessly!
Unknown command.
The four-headed hydra is struck by your spines.
The four-headed hydra bites you.
You block the four-headed hydra's attack.
The four-headed hydra bites you but does no damage.
You block the four-headed hydra's attack.
You barely miss the wyvern.
The wyvern is almost dead.
The wyvern bites you. The lindwurm breathes flames at you.
The blast of flame hits you!!
* * * LOW HITPOINT WARNING * * *
The wyvern bites you.
* * * LOW HITPOINT WARNING * * *
You slash the lindwurm! You burn the lindwurm.
You kill the lindwurm!
Okawaru accepts your kill.
You block the four-headed hydra's attack.
The four-headed hydra bites you!
You die...

..♣≈≈≈≈.≈.≈.≈.......#
#....≈...≈.≈≈≈.≈≈♣..#
# ...≈≈≈≈≈.....### .♣
≈.≈.≈≈........# ...
..≈≈≈.≈.≈≈..#.# ..≈≈
≈≈...≈.≈..♣..## .♣..
.≈.≈..≈≈≈≈♣...# ....
≈≈.....S≈≈..###
≈.≈...≈l@...#
.≈.≈.≈≈D≈♣...#
..≈≈≈.≈.♣..###
.≈.≈≈.≈...##
.≈.≈≈...$##
♣♣♣.♣...## ♣....##
♣#.#.


You could see a four-headed hydra, a water moccasin and a wyvern.

Vanquished Creatures
  Harold (D:7)
  2 hydras
  Fannar (D:10)
  Erica (D:9)
  A catoblepas (Lair:6)
  A two-headed ogre (D:9)
  Urug (Lair:3)
  6 death yaks
  Nergalle (Lair:3)
  Sonja (Lair:4)
  2 lindwurms
  A cyclops (D:8)
  2 centaur zombies
  4 elephants (Lair:6)
  5 black mambas
  Maggie (D:7)
  An unseen horror (D:10)
  12 cane toads
  2 torpor snails
  4 rime drakes
  14 komodo dragons
  2 polar bears
  24 blink frogs
  A snapping turtle (Lair:2)
  A hornet (D:8)
  11 wyverns
  14 yaks
  3 basilisks
  A steam dragon (D:9)
  12 water moccasins
  A sky beast (D:6)
  A hornet zombie (D:6)
  2 ice beasts (D:9)
  3 black bears
  2 orc warriors
  2 ogres (D:6)
  25 wolves
  A centaur (D:10)
  A phantom (D:6)
  2 kobold brigands
  10 gnoll sergeants
  21 bullfrogs
  4 scorpions
  18 wights
  A howler monkey (D:5)
  An electric eel (D:6)
  2 bullfrog zombies
  2 hounds (Bailey)
  A jelly (D:5)
  4 orc priests
  A bullfrog skeleton (D:5)
  3 centaur skeletons
  8 gnoll shamans
  5 hell rats (Lair:4)
  5 iguanas
  5 orc wizards
  A killer bee zombie (D:8)
  A centaur simulacrum (D:9)
  A hound zombie (D:5)
  A killer bee simulacrum (D:9)
  14 adders
  35 gnolls
  A howler monkey skeleton (D:7)
  10 river rats (Lair:4)
  4 white imps
  2 ufetubi
  A worm (D:5)
  3 dart slugs
  32 orcs
  A bat (D:3)
  2 endoplasms
  10 giant cockroaches
  7 goblins
  5 hobgoblins
  3 jackals (D:4)
  10 kobolds
  8 quokkas
  13 ball pythons
  7 frilled lizards
  3 rats (Lair:4)
439 creatures vanquished.

Vanquished Creatures (others)
  A blink frog (Lair:3)
  47 fungi
  73 plants
121 creatures vanquished.

Grand Total: 560 creatures vanquished

Notes
Turn   | Place    | Note
-------+----------+-------------------------------------------
     0 | D:1      | Sin92 the Demonspawn Fighter began the quest for the Orb.
     0 | D:1      | Reached XP level 1. HP: 18/18 MP: 1/1
   188 | D:1      | Reached skill level 2 in Long Blades
   315 | D:1      | Found a faded altar of an unknown god.
   451 | D:1      | Gained mutation: You have an unusually large brain. (Int
                  | +2) [demonic ancestry]
   451 | D:1      | Reached XP level 2. HP: 24/24 MP: 2/2
   526 | D:1      | Found Agrar's Weapon Shoppe.
  1024 | D:2      | Gained mutation: You are partially covered in sharp spines.
                  | [demonic ancestry]
  1024 | D:2      | Reached XP level 3. HP: 29/29 MP: 3/3
  1288 | D:3      | Found Lahe's Antique Armour Shop.
  1728 | D:4      | Reached skill level 1 in Dodging
  1728 | D:4      | Reached skill level 1 in Stealth
  1728 | D:4      | Gained mutation: You have an extremely huge brain. (Int +4)
                  | [demonic ancestry]
  1728 | D:4      | Reached XP level 4. HP: 16/35 MP: 4/4
  1924 | D:4      | Noticed a scorpion
  1932 | D:4      | Killed a scorpion
  1933 | D:4      | Reached skill level 3 in Long Blades
  1933 | D:4      | Gained mutation: You sometimes gain a little power by
                  | taking damage. [demonic ancestry]
  1933 | D:4      | Reached XP level 5. HP: 40/41 MP: 5/5
  2077 | D:4      | Found a staircase to the Ecumenical Temple.
  2649 | Temple   | Entered the Ecumenical Temple
  2752 | D:5      | Entered Level 5 of the Dungeon
  2766 | D:5      | Reached skill level 1 in Spellcasting
  2771 | D:5      | Reached XP level 6. HP: 23/48 MP: 7/7
  3005 | D:5      | Found a glowing drain.
  3034 | D:5      | Reached skill level 4 in Long Blades
  3034 | D:5      | Gained mutation: You are mostly covered in sharp spines.
                  | [demonic ancestry]
  3034 | D:5      | Reached XP level 7. HP: 8/54 MP: 8/10
  3052 | Sewer    | Entered a sewer
  3781 | Sewer    | Got the Disquisition on Flying Changing
  4242 | D:3      | Bought a runed chain mail for 165 gold pieces
  4436 | D:5      | Reached XP level 8. HP: 61/61 MP: 11/11
  4864 | D:6      | Reached skill level 1 in Invocations
  4958 | D:6      | Reached skill level 5 in Long Blades
  5118 | D:6      | Found a radiant altar of Vehumet.
  5118 | D:6      | Found an ancient bone altar of Kikubaaqudgha.
  5118 | D:6      | Found a hide-covered altar of Uskayaw.
  5125 | D:6      | Found an iron altar of Okawaru.
  5128 | D:6      | Found a broken altar of Ashenzari.
  5131 | D:6      | Found a bloodstained altar of Trog.
  5132 | D:6      | Became a worshipper of Warmaster Okawaru
  5133 | D:6      | Found a hazy altar of Hepliaklqana.
  5139 | D:6      | Found an ornate altar of the Wu Jian Council.
  5140 | D:6      | Found a shimmering altar of Xom.
  5467 | D:6      | Reached * piety under Okawaru
  5472 | D:6      | Reached skill level 5 in Fighting
  5942 | D:6      | Gained mutation: You have an absolutely massive brain. (Int
                  | +6, Wiz) [demonic ancestry]
  5942 | D:6      | Reached XP level 9. HP: 22/68 MP: 13/13
  6218 | D:7      | Noticed Harold
  6238 | D:7      | Killed Harold
  6238 | D:7      | Reached ** piety under Okawaru
  6239 | D:7      | Reached skill level 6 in Long Blades
  6243 | D:7      | Reached skill level 5 in Invocations
  6445 | D:7      | Found Quedaziu's Magic Scroll Emporium.
  6556 | D:7      | Reached skill level 5 in Armour
  6627 | D:7      | Reached skill level 5 in Shields
  6639 | D:7      | Reached *** piety under Okawaru
  6983 | D:7      | Noticed Maggie
  7003 | D:7      | Killed Maggie
  7468 | D:8      | Gained mutation: You are completely covered in sharp
                  | spines. [demonic ancestry]
  7468 | D:8      | Reached XP level 10. HP: 55/76 MP: 14/16
  7709 | D:8      | Noticed a cyclops
  7720 | D:8      | Killed a cyclops
  7721 | D:8      | Reached skill level 7 in Long Blades
  7744 | D:8      | Found a shimmering blue altar of Sif Muna.
  8132 | D:8      | Found a staircase to the Lair.
  8180 | D:8      | Reached skill level 5 in Stealth
  8248 | D:9      | Found a staircase to the Orcish Mines.
  8276 | D:9      | Reached **** piety under Okawaru
  8910 | D:9      | Noticed a death yak
  8923 | D:9      | Killed a death yak
  8956 | D:9      | Reached skill level 5 in Dodging
  9638 | D:9      | Noticed Erica
  9645 | D:9      | Killed Erica
  9645 | D:9      | Reached ***** piety under Okawaru
  9646 | D:9      | Reached skill level 5 in Spellcasting
  9646 | D:9      | Reached XP level 11. HP: 38/83 MP: 18/18
  9895 | D:9      | Reached skill level 8 in Long Blades
  9973 | D:9      | Noticed a two-headed ogre
  9982 | D:9      | Killed a two-headed ogre
  9982 | D:9      | Received a gift from Okawaru
 10646 | D:3      | Bought a glowing helmet for 165 gold pieces
 10646 | D:3      | Bought a pair of embroidered gloves for 165 gold pieces
 10782 | D:10     | Entered Level 10 of the Dungeon
 10977 | D:10     | Found a flagged portal.
 10977 | D:10     | Noticed Fannar
 10991 | D:10     | Killed Fannar
 10991 | D:10     | Received a gift from Okawaru
 11010 | Bailey   | Entered a bailey
 11697 | Bailey   | Learned a level 1 spell: Apportation
 12318 | Bailey   | Identified the ring of Jerob {rC+ Dex+6}
 12931 | Lair:1   | Entered Level 1 of the Lair of Beasts
 12980 | Lair:1   | Reached skill level 1 in Translocations
 13118 | Lair:1   | Received a gift from Okawaru
 13488 | Lair:1   | Reached skill level 9 in Long Blades
 14190 | Lair:2   | Gained mutation: You have a pair of small antennae on your
                  | head. [demonic ancestry]
 14190 | Lair:2   | Reached XP level 12. HP: 86/91 MP: 20/20
 15248 | Lair:2   | Identified the +2 hat of the Depths {rPois rN+++ Int-2
                  | SInv} (Okawaru gifted it to you on level 2 of the Lair of
                  | Beasts)
 15248 | Lair:2   | Received a gift from Okawaru
 15483 | Lair:2   | Found a staircase to the Shoals.
 16192 | Lair:2   | Identified the +1 robe "Tien" {rC+ rN+++ MP+9 Str-5}
 16469 | Lair:3   | Noticed Urug
 17236 | Lair:3   | Killed Urug
 18167 | Lair:3   | Noticed Nergalle
 18482 | Lair:3   | Killed Nergalle
 18838 | Lair:3   | Reached skill level 10 in Long Blades
 20197 | Lair:4   | Noticed Sonja
 20955 | Lair:4   | Killed Sonja
 21276 | Lair:4   | Found a staircase to the Snake Pit.
 21570 | Snake:1  | Entered Level 1 of the Snake Pit
 21606 | Lair:5   | Noticed a death yak
 21606 | Lair:5   | Noticed a death yak
 21607 | Lair:5   | Noticed a death yak
 21610 | Lair:5   | Noticed a death yak
 21620 | Lair:4   | Killed a death yak
 21621 | Lair:4   | Reached XP level 13. HP: 74/99 MP: 23/23
 22769 | Lair:5   | You fall into a shaft and drop 1 floor!
 22769 | Lair:6   | Entered Level 6 of the Lair of Beasts
 23166 | Lair:5   | Identified the +0 shadow dragon scales of Pantheism {Will+
                  | Stlth++++} (Okawaru gifted it to you on level 5 of the Lair
                  | of Beasts)
 23166 | Lair:5   | Received a gift from Okawaru
 23543 | Lair:5   | Found a viscous altar of Jiyva.
 23544 | Lair:5   | Found a staircase to the Slime Pits.
 23614 | Lair:5   | Reached skill level 11 in Long Blades
 24348 | Lair:6   | HP: 5/100 [blink frog (12)]
 24794 | Lair:6   | Reached skill level 5 in Translocations
 25125 | Lair:6   | Identified the +6 long sword "Beast's Funeral" {flame, rC+
                  | Int+5 Stlth+}
 25268 | Lair:6   | Slain by a four-headed hydra

Illustrated notes

Levels and vault maps discovered:
D:1:      dpeg_arrival_pits, layout_loops_ring,
          hellmonk_ecumenical_altar_pennies_from_heaven, serial_shops,
          nicolae_shop_hallway_plus
D:2:      layout_rooms
D:3:      layout_rooms, serial_shops, nicolae_shop_waterfront,
          palyth_stone_intersect
D:4:      layout_cave_pods, minmay_temple_entry_purple_smoke, serial_glass,
          glass_columns_a, glass_columns_b, glass_columns_a, glass_columns_c,
          glass_columns_a, glass_columns_a, glass_columns_b, glass_columns_b
D:5:      layout_loops_ring, cheibrodos_sewer_entry_drain,
          kennysheep_cross_bottleneck, corexii_hall_statues_u
D:6:      layout_basic, nicolae_overflow_hallway_of_the_gods,
          serial_bayou_pond_b, nicolae_fountain_basement
D:7:      layout_loops_ring, nicolae_inconvenience_store, st_stairs_2,
          nicolae_underground_beach, uniq_maggie, uniq_harold
D:8:      layout_rooms, lemuel_blue_sif_altar, grunt_lair_entry_orc_guard_hut,
          minmay_misc_feat_encased, grunt_ministairs_14, minmay_misc_feat_five
D:9:      layout_basic, orc_0_dummy, serial_ice, serial_ice_f, serial_ice_a,
          serial_ice_o, serial_ice_l, serial_ice_c, serial_ice_n, serial_ice_m,
          uniq_erica
D:10:     layout_roguey, enter_bailey_7, uniq_fannar
D:11:     layout_irregular_city
Temple:   jpeg_temple_clearing
Lair:1:   layout_regular_city, grunt_megastairs_5
Lair:2:   layout_layer_cave, minmay_shoals_entry_hut
Lair:3:   layout_layer_cave, serial_bayou_shore_b, uniq_urug, uniq_nergalle
Lair:4:   layout_hall_layers, dummy_snake_entry, kennysheep_abandoned_house,
          uniq_sonja
Lair:5:   layout_small_grid, slime_altar_1, serial_bayou_shore_a,
          grunt_megastairs_1
Lair:6:   hangedman_lair_tendril_chambers, layout_small_grid,
          nicolae_quartered_pool_super
Snake:1:  layout_layer_cave, serial_bayou_crossing, uniq_josephine

Skill      XL: |  1  2  3  4  5  6  7  8  9 10 11 12 13 |
---------------+----------------------------------------+-----
Long Blades    | 2 3 4 5 6 7 9 10 11 | 11.3
Armour         | 3 4 5 6 7 8 |  8.2
Shields        | 3 4 5 6 7 8 |  8.3
Dodging        | 1 2 3 4 5 6 7 |  7.6
Stealth        | 1 2 3 4 5 6 |  6.4
Spellcasting   | 1 2 3 4 5 6 7 |  7.6
Fighting       | 4 5 6 7 8 9 |  9.1
Invocations    | 3 6 8 9 |  9.3
Translocations | 2 3 5 |  5.0

Action                   |  1- 3 |  4- 6 |  7- 9 | 10-12 | 13-15 || total
-------------------------+-------+-------+-------+-------+-------++-------
Melee: Long sword        |    93 |    88 |   240 |   696 |   275 ||  1392
Throw: Throwing net      |       |       |       |     1 |       ||     1
Invok: Heroism           |       |       |     2 |     4 |       ||     6
       Finesse           |       |       |       |     5 |     2 ||     7
  Use: Scroll            |     3 |     4 |    10 |     6 |     1 ||    24
       Potion            |       |     7 |     2 |     6 |     2 ||    17
 Stab: Sleeping          |       |       |       |     5 |     4 ||     9
       Distracted        |       |       |       |     1 |       ||     1
       Petrifying        |       |       |       |       |     2 ||     2
Armor: Scale mail        |    53 |    62 |    18 |       |       ||   133
       Chain mail        |       |       |    74 |   258 |    39 ||   371
       Shadow dragon sca |       |       |       |       |    53 ||    53
Dodge: Dodged            |    38 |    53 |   136 |   407 |   129 ||   763
Block: Buckler           |    19 |    25 |    72 |   291 |    87 ||   494
